 Dungeon Crawl Stone Soup version 0.29.1-1-gd02db6906a (webtiles) character file.

Game seed: 15786953188605793302

135 RatsInWalls the Sneak (level 5, -1/42 HPs)
             Began as a Human Delver on Oct 20, 2022.
             Slain by an iguana (8 damage)
             ... on level 5 of the Dungeon.
             The game lasted 00:05:24 (867 turns).

RatsInWalls the Sneak (Human Delver)                 Turns: 867, Time: 00:05:24

Health: -1/42      AC:  3    Str: 14    XL:     5   Next: 41%
Magic:  5/5        EV: 12    Int: 10    God:
Gold:   53         SH:  0    Dex: 15    Spells: 4/4 levels left

rFire   . . .      SeeInvis .   a - +0 spear
rCold   . . .      Faith    .   (no shield)
rNeg    . . .      Spirit   .   b - +0 leather armour
rPois   .          Reflect  .   (no helmet)
rElec   .          Harm     .   (no cloak)
rCorr   .          Rampage  .   (no gloves)
Will    .....                   (no boots)
Stlth   +++.......              (no amulet)
HPRegen 0.14/turn               (no ring)
MPRegen 0.09/turn               (no ring)

@: no status effects
A: no striking features
a: no special abilities


You were on level 5 of the Dungeon.
You visited 1 branch of the dungeon, and saw 3 of its levels.

You collected 53 gold pieces.

Inventory:

Hand Weapons
 a - a +0 spear (weapon)
 i - a +0 trident
Armour
 b - a +0 leather armour (worn)
Wands
 g - a wand of digging (3)
 j - a wand of mindburst (9)
Scrolls
 c - a scroll of fog
 d - a scroll of magic mapping
 e - a scroll of fear
 h - a scroll of blinking {unknown}
Potions
 f - a potion of haste
 k - a potion of attraction {unknown}
 l - a potion of heal wounds {unknown}


   Skills:
 + Level 3.6 Fighting
 + Level 3.0 Polearms
 + Level 1.4 Armour
 + Level 2.7 Dodging
 - Level 5.6 Stealth


You had 4 spell levels left.
You didn't know any spells.
Your spell library was empty.

Dungeon Overview and Level Annotations

Branches:
Dungeon (6/15)
 Temple: D:4-7

Altars:

Annotations:
D:4 Edmund
D:5 3 runed translucent doors, Sigmund; croobank's ghost, novice OpSu


Message History

Reach: a) +0 spear
Press: ? - help, Dir - move target There's something in the way.
Unknown command.
Reach: a) +0 spear
Press: ? - help, Dir - move target, f - iguana
Aim: an iguana (about 34% to evade your +0 spear)
You reach to attack!
You hit the iguana.
The iguana is moderately wounded.
Unknown command.
You closely miss the iguana.
The iguana is moderately wounded.
The iguana bites you!
You hit the iguana but do no damage.
The iguana is moderately wounded.
The iguana closely misses you.
You hit the iguana.
The iguana is heavily wounded.
The iguana barely misses you.
You barely miss the iguana.
The iguana is heavily wounded.
The iguana bites you!
You hit the iguana.
The iguana is heavily wounded.
The iguana closely misses you.
You hit the iguana.
The iguana is severely wounded.
The iguana misses you.
You hit the iguana but do no damage.
The iguana is severely wounded.
The iguana bites you!
* * * LOW HITPOINT WARNING * * *
You hit the iguana but do no damage. You punch the iguana, but do no damage.
The iguana is severely wounded.
The iguana misses you.
Aiming: Mindburst
Press: ? - help, Shift-Dir - straight line, f/p - iguana
Aim: an iguana (severely wounded, chance to affect: 72%)
The iguana struggles to resist.
The iguana bites you!
You die...

#### #######...#.....$...
###.............
#.......####..## #.#...#.# .##
#.#.....# .## # #.#.....###.#
## .. #. #.##........####
.###...##.######.........###...
#
......##......@l#..............
##+...#
#.###.###.##.......###... ..#
#..# #.###.....###.... ..#
#..###.###.....##..... ##+
#............#.###....
##.###.###...#.# ##... #.# #.#
#.###.# #..# ###.###.###.###.#
#.## #....>..#.......# #.#


You could see an iguana.

Vanquished Creatures
  A scorpion (D:5)
  A howler monkey (D:5)
  A hound (D:5)
  An adder (D:5)
  An orc (D:5)
5 creatures vanquished.

Notes
Turn   | Place    | Note
-------+----------+-------------------------------------------
     0 | D:5      | RatsInWalls the Human Delver began the quest for the Orb.
     0 | D:5      | Reached XP level 1. HP: 18/18 MP: 1/1
    15 | D:4      | Noticed a steam dragon
    40 | D:5      | Noticed a necrophage
   153 | D:5      | Noticed a howler monkey
   170 | D:5      | Killed a howler monkey
   171 | D:5      | Reached XP level 2. HP: 16/24 MP: 2/2
   171 | D:5      | Reached XP level 3. HP: 19/29 MP: 3/3
   325 | D:5      | Noticed croobank's ghost (novice OpSu)
   325 | D:5      | Noticed an ice beast
   326 | D:5      | Noticed an ice beast
   484 | D:5      | Found a runed translucent gate.
   484 | D:5      | Found a runed translucent gate.
   484 | D:5      | Found a runed translucent gate.
   534 | D:5      | Noticed Sigmund
   594 | D:4      | Noticed Edmund
   611 | D:5      | Reached XP level 4. HP: 25/35 MP: 4/4
   708 | D:5      | Noticed a scorpion
   712 | D:5      | Killed a scorpion
   713 | D:5      | Reached skill level 1 in Armour
   713 | D:5      | Reached XP level 5. HP: 34/42 MP: 5/5
   867 | D:5      | Slain by an iguana

Illustrated notes

Levels and vault maps discovered:
D:4:      layout_rooms, nicolae_concentric_dashed_squares_wild, chequers_garden,
          uniq_edmund, uniq_pargi
D:5:      cheibrodos_helix_gallery, layout_loops_cross,
          mainiacjoe_overflow_two_lobes, gammafunk_ghost_icy,
          grunt_ministairs_10, serial_park_tiny_pond, uniq_sigmund
D:6:      minmay_goblin_kobold_castle, layout_cave_pools,
          nicolae_sif_muna_condensation, serial_glass, glass_columns_a,
          glass_columns_a, grunt_ministairs_9, minmay_mini_ossuary,
          uniq_blork_the_orc

Skill      XL: |  1  2  3  4 |
---------------+-------------+-----
Polearms       | 3 |  3.0
Armour         | 1 |  1.4
Fighting       | |  3.6
Dodging        | |  2.7
Stealth        | |  5.6

Action                   |  1- 3 |  4- 6 || total
-------------------------+-------+-------++-------
Melee: Spear             |    28 |     9 ||    37
       Punch             |     1 |     1 ||     2
Evoke: Wand              |       |     5 ||     5
 Stab: Sleeping          |     1 |       ||     1
Armor: Leather armour    |     3 |     1 ||     4
Dodge: Dodged            |    13 |     7 ||    20
